Map: [ESL] Hard Lead

Players

HeroMarine - Winner!

  • Race: Terran Terran
  • Spawn Location: 5:00

Spirit

  • Race: Terran Terran
  • Spawn Location: 11:00

Event: ESL SC2 Masters 2023 Winter (Regional)

VOD

Have the link to the VOD?

Description

Time

  • Played on: Nov. 17, 2023, 8:42 a.m.
  • Length: 11:47

All games in this series

Show
View Real Time Build Order
Export as new Build Order

HeroMarine Terran - Winner!

Build Orders: Cyclone Opening 

Get SALT Encoding   

  12  0:00  SCV  
  13  0:12  SCV  
  14  0:16  Supply Depot  
  14  0:24  SCV  
  15  0:38  SCV  
  15  0:39  Barracks  
  15  0:42  Refinery  
  16  0:50  SCV  
  16  0:52  Refinery  
  17  1:02  SCV  
  18  1:14  SCV  
  19  1:26  Reaper  
  19  1:27  Orbital Command  
  19  1:32  Supply Depot  
  20  1:43  Factory  
  20  1:52  SCV  
  21  1:58  Reaper  
  22  2:05  SCV  
  23  2:17  SCV  
  23  2:21  Command Center  
  24  2:28  Cyclone  
  26  2:30  SCV  
  26  2:34  Barracks Reactor  
  27  2:42  SCV  
  27  2:43  Supply Depot  
  28  2:52  Starport  
  28  2:57  SCV  
  29  3:09  SCV  
  30  3:13  Cyclone x2  
  34  3:21  SCV  
  34  3:23  Refinery  
  35  3:28  Medivac  
  35  3:33  Orbital Command, SCV  
  38  3:43  Barracks Tech Lab  
  38  3:45  SCV  
  39  3:57  SCV  
  40  4:06  Siege Tank, SCV  
  40  4:09  SCV  
  45  4:10  Starport Tech Lab  
  45  4:11  Marine  
  45  4:12  Marine  
  47  4:19  Command Center  
  47  4:26  SCV x2  
  49  4:31  Interference Matrix, Supply Depot  
  49  4:32  Raven  
  51  4:38  SCV x2  
  51  4:41  Marine  
  54  4:46  Marine  
  54  4:53  SCV x2  
  54  4:56  Siege Tank  
  54  4:59  Marine  
  60  5:00  Supply Depot  
  60  5:01  Supply Depot  
  60  5:04  Marine  
  60  5:05  SCV  
  62  5:16  SCV  
  62  5:21  Refinery  
  62  5:22  SCV  
  62  5:28  Siege Tank, SCV  
  67  5:32  Orbital Command  
  67  5:34  SCV  
  68  5:37  Stimpack, Marine  
  68  5:39  Viking  
  68  5:40  Viking, SCV  
  74  5:46  SCV  
  75  5:51  Barracks x2  
  75  5:52  SCV  
  75  5:55  Marine  
  77  5:58  SCV  
  77  6:00  Siege Tank  
  82  6:04  SCV  
  82  6:06  Engineering Bay  
  82  6:07  Engineering Bay  
  82  6:08  Orbital Command  
  82  6:10  SCV  
  83  6:13  Marine  
  83  6:16  SCV  
  85  6:21  Viking x2  
  85  6:22  SCV  
  90  6:28  SCV  
  90  6:31  Marine  
  92  6:34  SCV  
  92  6:35  Terran Infantry Weapons Level 1, Terran Infantry Armor Level 1  
  92  6:36  Supply Depot x2  
  92  6:38  Siege Tank, SCV  
  93  6:40  SCV  
  93  6:43  Barracks Reactor x2  
  93  6:46  SCV  
  95  6:49  Marine  
  95  6:50  SCV  
  95  6:52  SCV  
  98  6:57  Viking  
  98  6:58  Viking, SCV  
  103  7:02  SCV  
  103  7:05  SCV  
  103  7:06  Marine, Supply Depot  
  103  7:07  Supply Depot  
  106  7:10  SCV  
  106  7:14  Siege Tank  
  106  7:15  SCV  
  111  7:17  SCV  
  111  7:22  Refinery x2  
  112  7:23  Combat Shield  
  112  7:24  Barracks  
  112  7:26  Barracks  
  112  7:27  SCV x2  
  112  7:29  SCV  
  115  7:36  Supply Depot  
  115  7:37  Command Center  
  115  7:39  SCV x2  
  115  7:41  SCV  
  118  7:45  Sensor Tower, Medivac x2  
  118  7:48  Siege Tank  
  118  7:51  SCV x2  
  127  7:55  Supply Depot  
  127  7:56  Armory, Supply Depot  
  127  8:01  Marine x3  
  127  8:03  Marine x2  
  132  8:06  Supply Depot, SCV  
  132  8:07  SCV  
  134  8:15  Medivac x2  
  134  8:18  Barracks Reactor  
  134  8:19  Barracks Reactor, Marine x3  
  141  8:20  Marine x2  
  143  8:28  Siege Tank  
  146  8:35  Factory  
  146  8:36  SCV  
  146  8:37  SCV, Marine x3  
  146  8:38  Barracks x2, Marine x2  
  146  8:40  Barracks  
  153  8:49  Terran Infantry Weapons Level 2, Terran Infantry Armor Level 2  
  153  8:54  Terran Vehicle Weapons Level 1, Marine x2  
  153  8:55  Marine  
  156  8:56  Marine  
  156  8:58  SCV x3  
  156  9:00  Marine x4  
  164  9:04  Siege Tank  
  167  9:12  Barracks Reactor, Marine x3  
  167  9:14  Supply Depot x2, Marine  
  171  9:17  Marine  
  171  9:18  Marine x3  
  173  9:26  Planetary Fortress  
  173  9:30  Barracks Reactor x3, Marine x3  
  176  9:32  Marine  
  176  9:35  Marine x2  
  176  9:36  Siege Tank, Marine  
  176  9:37  Marine  
  187  9:39  Supply Depot  
  187  9:42  Medivac x2  
  188  9:48  Marine x3  
  188  9:49  Marine  
  192  9:56  Siege Tank  
  195  10:02  Marine  
  196  10:08  Marine  
  196  10:10  Siege Tank  
  196  10:14  Marine x8  
  172  10:22  Marine  
  172  10:23  Marine x6  
  172  10:24  Medivac x2  
  172  10:26  Marine  
  172  10:27  Command Center  
  172  10:28  Command Center  
  168  10:31  Marine  
  168  10:32  Marine x7  
  176  10:39  Missile Turret  
  176  10:40  Missile Turret, Marine x2  
  176  10:41  Marine x5  
  176  10:42  Siege Tank  
  186  10:44  Marine  
  173  10:50  Marine x2  
  173  10:52  Marine  
  173  10:53  Marine x2  
  173  10:56  Siege Tank  
  159  10:58  Marine x6  
  159  10:59  Marine x2  
  159  11:02  Medivac x2  
  166  11:05  Marine x2  
  168  11:11  Marine x2  
  168  11:14  Siege Tank  
  173  11:19  Marine x8  
  173  11:21  Sensor Tower  
  173  11:22  Marine x3  
Show
View Real Time Build Order
Export as new Build Order

Spirit Terran 

Build Orders: Reaper Expand 

Get SALT Encoding   

  12  0:00  SCV  
  13  0:12  SCV  
  14  0:17  Supply Depot  
  14  0:24  SCV  
  15  0:38  SCV  
  15  0:40  Barracks  
  16  0:44  Refinery  
  16  0:51  SCV  
  17  1:03  SCV  
  18  1:15  SCV  
  19  1:27  Orbital Command, Reaper  
  20  1:48  Command Center  
  20  1:53  SCV  
  21  1:57  Supply Depot  
  21  1:59  Marine  
  22  2:05  SCV  
  23  2:09  Factory  
  23  2:14  Refinery  
  23  2:18  SCV  
  23  2:21  Reaper  
  25  2:26  Bunker  
  25  2:30  SCV  
  26  2:43  SCV  
  27  2:54  Hellion  
  27  2:55  Barracks Reactor  
  27  2:58  SCV  
  29  2:59  Orbital Command  
  29  3:03  Starport  
  29  3:04  Orbital Command  
  29  3:09  Refinery  
  29  3:11  SCV  
  30  3:18  Factory Tech Lab  
  30  3:23  SCV  
  31  3:30  SCV  
  31  3:31  Marine  
  31  3:32  Marine  
  34  3:35  Supply Depot, SCV  
  34  3:38  Siege Tank  
  38  3:44  Viking  
  38  3:46  SCV  
  41  3:49  SCV  
  42  3:56  Marine  
  42  3:57  Marine  
  42  3:58  SCV  
  42  4:01  SCV  
  42  4:02  Supply Depot  
  46  4:10  SCV  
  46  4:11  Cyclone  
  46  4:13  SCV  
  46  4:14  Marine  
  46  4:15  Marine  
  46  4:17  Starport Tech Lab  
  52  4:22  Supply Depot  
  52  4:23  SCV  
  53  4:26  SCV  
  52  4:32  Marine  
  52  4:33  Supply Depot  
  52  4:35  SCV  
  52  4:37  Interference Matrix  
  54  4:43  Raven  
  54  4:44  Marine, SCV  
  58  4:47  SCV  
  58  4:50  Siege Tank  
  60  4:56  SCV  
  60  4:59  SCV  
  63  5:16  Supply Depot  
  63  5:17  Supply Depot  
  63  5:18  Raven  
  64  5:24  SCV  
  64  5:25  Command Center, SCV  
  66  5:30  Siege Tank, Marine  
  70  5:38  SCV x2  
  73  5:50  SCV x2, Refinery  
  73  5:53  Barracks  
  73  5:55  Barracks  
  74  6:01  Supply Depot  
  74  6:02  Viking, SCV  
  74  6:03  Viking  
  79  6:05  SCV  
  79  6:08  Siege Tank  
  83  6:14  SCV  
  83  6:17  SCV  
  85  6:21  Supply Depot  
  85  6:24  Supply Depot  
  83  6:32  Viking  
  83  6:33  Viking, Stimpack  
  83  6:36  SCV  
  83  6:38  SCV  
  88  6:42  Orbital Command  
  88  6:48  SCV  
  88  6:50  Barracks Reactor x2  
  88  6:53  Siege Tank  
  92  6:59  Refinery  
  92  7:01  Marine  
  93  7:02  Viking, SCV  
  93  7:03  Viking  
  98  7:09  Engineering Bay  
  98  7:13  SCV, Engineering Bay  
  98  7:14  SCV  
  98  7:15  Orbital Command  
  100  7:16  Supply Depot  
  100  7:19  Marine  
  101  7:25  SCV  
  101  7:26  SCV  
  101  7:28  Supply Depot, Marine x3  
  101  7:29  Marine  
  107  7:36  Marine  
  106  7:37  SCV  
  106  7:38  Siege Tank, SCV  
  106  7:39  Viking  
  106  7:41  SCV  
  114  7:44  Viking  
  114  7:46  Marine  
  114  7:49  SCV  
  114  7:50  SCV, Marine x2  
  121  7:52  Missile Turret  
  121  7:53  Terran Infantry Weapons Level 1, SCV  
  121  7:55  Terran Infantry Armor Level 1  
  122  8:01  SCV  
  122  8:02  Supply Depot  
  122  8:03  SCV  
  123  8:05  SCV  
  123  8:09  Viking  
  123  8:10  Sensor Tower, Marine, Refinery  
  123  8:11  Refinery  
  127  8:13  Marine  
  127  8:15  Marine x2, SCV  
  127  8:18  Viking  
  135  8:24  Marine  
  135  8:25  Command Center  
  134  8:28  SCV x3  
  134  8:32  Armory, Supply Depot  
  137  8:34  Combat Shield  
  137  8:39  Siege Tank  
  140  8:45  Barracks  
  140  8:47  Barracks  
  140  8:50  Supply Depot  
  140  8:51  Marine  
  140  8:52  Marine  
  144  8:56  Supply Depot  
  144  8:59  SCV  
  144  9:00  Medivac  
  144  9:01  Supply Depot, Medivac, SCV x2  
  144  9:02  Marine  
  150  9:04  Marine x2  
  150  9:09  Marine x2  
  153  9:11  Missile Turret, SCV  
  153  9:13  SCV  
  153  9:14  SCV  
  156  9:20  Marine  
  156  9:22  Marine x2  
  156  9:23  SCV  
  160  9:25  SCV  
  160  9:27  Marine x2  
  160  9:29  Siege Tank  
  166  9:31  SCV  
  166  9:32  Medivac  
  166  9:33  Medivac  
  166  9:36  Barracks Reactor x2  
  166  9:38  Marine  
  172  9:40  Marine x2  
  172  9:45  Marine x2  
  176  9:55  Marine  
  176  9:58  Marine x2  
  179  10:01  Siege Tank  
  179  10:03  Marine x2  
  177  10:11  Marine  
  177  10:12  Marine x2  
  177  10:13  Marine  
  170  10:14  Marine  
  170  10:15  Marine x2  
  170  10:16  SCV  
  170  10:18  Medivac  
  170  10:19  Medivac  
  170  10:20  Marine  
  170  10:21  Marine  
  137  10:29  Marine x3  
  137  10:31  Marine  
  137  10:32  Marine  
  137  10:33  Siege Tank, Marine x2  
  147  10:38  Marine x2  
  149  10:47  Marine x3  
  149  10:49  Marine  
  143  10:50  Marine  
  143  10:51  Marine x2  
  143  10:56  Marine x2  
  128  11:03  SCV x2  
  127  11:04  SCV  
  127  11:05  Siege Tank, Marine x3, Refinery  
  127  11:07  Marine  
  127  11:08  Marine  
  127  11:09  Marine x2  
  138  11:13  Engineering Bay  
  138  11:14  Marine  
  138  11:15  SCV  
  138  11:16  SCV  
  138  11:17  Sensor Tower  
  141  11:20  Refinery  
  141  11:24  SCV  
  142  11:27  SCV, Refinery  
  142  11:28  SCV  
Tags
 
Add a new tag
Caveats
  • Supply blocks, unpowered buildings, or Contaminate may cause inaccurate times.
  • Supply counts are checked every 10 seconds.